 Dungeon Crawl Stone Soup version 0.20-a0-920-gb18bc0f (webtiles) character file.

43 Ijustatesigmund the Conjurer (level 3, -4/19 HPs)
             Began as a Gargoyle Wizard on Mar 25, 2017.
             Killed from afar by an orc wizard (6 damage)
             ... with a puff of flame
             ... on level 3 of the Dungeon.
             The game lasted 00:05:38 (1744 turns).

Ijustatesigmund the Conjurer (Gargoyle Wizard)      Turns: 1744, Time: 00:05:39

Health: -4/19      AC:  3    Str:  7 (10) XL:     3   Next: 58%
Magic:  0/7        EV: 11    Int: 17 (19) God:
Gold:   9          SH:  0    Dex:  6 (8)  Spells: 2/8 levels left

rFire    . . .     SeeInvis .   e - +0 whip
rCold    . . .     Gourm    .   (no shield)
rNeg     + . .     Faith    .   a - +0 robe
rPois    ∞         Spirit   .   b - +0 hat
rElec    +         Reflect  .   (no cloak)
rCorr    .         Harm     .   (no gloves)
MR       .....                  (no boots)
Stlth    ++........             (no amulet)
Regen    0.1/turn               i - -2 ring of protection (curse)
MPRegen  0.1/turn               (no ring)

@: flying, very slightly contaminated
A: negative energy resistance 1, electricity resistance, unbreathing,
petrification resistance, rot immunity, AC +3
a: no special abilities


You were on level 3 of the Dungeon.
You were hungry.

You visited 1 branch of the dungeon, and saw 3 of its levels.

You collected 9 gold pieces.

Inventory:

Hand Weapons
 e - a +0 whip (weapon)
Armour
 a - a +0 robe (worn)
 b - a +0 hat (worn)
Jewellery
 i - a cursed -2 ring of protection (left hand)
Scrolls
 g - a scroll of magic mapping {unknown}
 h - a scroll of teleportation {unknown}
 k - a scroll of enchant armour {unknown}
Books
 c - a book of Minor Magic

   Spells                             Type                      Level
   a - Magic Dart                     Conjuration                  1
   b - Blink                          Translocation                2
   c - Call Imp                       Summoning                    2
   d - Slow                           Hexes                        2
   e - Conjure Flame                  Conjuration/Fire             3
   f - Mephitic Cloud                 Conjuration/Poison/Air       3
Comestibles
 d - a bread ration
 f - 2 fruits


   Skills:
 - Level 1.5 Dodging
 - Level 2.1 Stealth
 - Level 3.0 Spellcasting
 + Level 3.6 Conjurations
   Level 0.8 Summonings
 - Level 1.0 Translocations


You had 2 spell levels left.
You knew the following spells:

 Your Spells              Type           Power        Failure   Level  Hunger
a - Magic Dart            Conj           ##..         4%          1    None
b - Blink                 Tloc           N/A          21%         2    ##.....
c - Conjure Flame         Conj/Fire      #.......     24%         3    ###....


Dungeon Overview and Level Annotations

Branches:
Dungeon (3/15)

Altars:

Annotations:
D:2 Terence


Innate Abilities, Weirdness & Mutations

You are resistant to torment.
Your stone body is resilient. (AC +3)
You are immune to poison.
You resist negative energy. (rN+)
You are resistant to electric shocks. (rElec)
You can survive without breathing.
You are immune to petrification.
You are immune to rotting.


Message History

The orc wizard gestures wildly while chanting.
The orc wizard seems to speed up.
It was a potion of degeneration.
There was something very wrong with that liquid.
You feel weakened.
You feel dopey.
You feel clumsy. The orc closely misses you.
It was a potion of flight.
You feel very buoyant.
You fly up into the air.
The orc hits you with a whip.
* * * LOW HITPOINT WARNING * * *
Casting: Conjure Flame
Confirm with . or Enter, or press ? or * to list all spells.
Aiming: Magic Dart
Press: ? - help, Shift-Dir - straight line, f - orc
Aim: an orc, wielding a whip and wearing a leather armour (almost dead)
The magic dart hits the orc.
You kill the orc!
The orc wizard gestures at you while chanting.
The puff of flame hits you!
You die...

##. .. .#
###.#.#
#.<...#
#o#.###
#o#o.o
#(#####
#@#
#......(#
#########


You could see an orc wizard and an orc.

Vanquished Creatures
  A worm (D:2)
  A dart slug (D:1)
  A leopard gecko (D:1)
  2 orcs (D:3)
  2 ball pythons (D:1)
  2 giant cockroaches
  4 goblins
  4 hobgoblins (D:1)
  4 jackals (D:2)
  4 bats (D:1)
  5 frilled lizards
  2 kobolds
  A rat (D:1)
33 creatures vanquished.

Notes
Turn   | Place    | Note
-------+----------+-------------------------------------------
     0 | D:1      | Ijustatesigmund the Gargoyle Wizard began the quest for the Orb.
     0 | D:1      | Reached XP level 1. HP: 10/10 MP: 4/4
   543 | D:1      | Reached XP level 2. HP: 15/15 MP: 3/6
   547 | D:1      | Learned a level 2 spell: Blink
  1233 | D:1      | Reached XP level 3. HP: 19/19 MP: 2/7
  1283 | D:1      | Learned a level 3 spell: Conjure Flame
  1481 | D:2      | Reached skill level 1 in Translocations
  1484 | D:2      | Noticed Terence
  1744 | D:3      | Killed from afar by an orc wizard

Vault maps used:
D:1:      dpeg_arrival_orchard
D:2:      lemuel_round_altar, nicolae_dithmenos_shadow_blocks, uniq_terence
D:3:      corexii_leaking_fountain, uniq_purgy, uniq_iyjb, uniq_sigmund

Skill      XL: |  1  2  3 |
---------------+----------+-----
Conjurations   | 2 3 |  3.6
Translocations | 1 |  1.0
Dodging        | |  1.5
Stealth        | |  2.1
Spellcasting   | |  3.0
Summonings     | |  0.8

Action                   || total
-------------------------++-------
Melee: Whip              ||    30
       Unarmed           ||     6
 Cast: Magic Dart        ||    77
       Blink             ||     1
  Use: Potion            ||     2
 Stab: Sleeping          ||     1
  Eat: Chunk             ||     2
Armor: Robe              ||    14
Dodge: Dodged            ||    35
